 Dungeon Crawl Stone Soup version 0.18.1-1-g2f07953 (webtiles) character file.

10300 PurpleRed the Destroyer (level 11, 0/61 HPs)
             Began as a High Elf Conjurer on Oct 3, 2016.
             Was a Believer of Vehumet.
             Slain by a wolf (3 damage)
             ... on level 2 of the Lair of Beasts.
             The game lasted 00:52:09 (4154 turns).

PurpleRed the Destroyer (High Elf Conjurer)         Turns: 4154, Time: 00:52:10

Health: 0/61       AC:  7    Str:  7    XL:     11   Next: 34%
Magic:  3/35       EV: 13    Int: 25    God:    Vehumet [**....]
Gold:   460        SH:  0    Dex: 18    Spells: 5 memorised, 14 levels left

rFire  . . .     SeeInvis .     R - +6 rod of clouds (6/13)
rCold  . . .     Gourm    .     E - +0 troll leather armour
rNeg   . . .     Faith    .     (no shield)
rPois  .         Spirit   .     (no helmet)
rElec  .         Dismiss  .     s - +1 cloak
rCorr  .         Reflect  .     (no gloves)
SustAt .         Harm     .     v - +0 pair of boots
MR     +....                    (no amulet)
Stlth  ++........               y - +4 ring of intelligence
                                d - ring of magical power

@: about to teleport, somewhat resistant to hostile enchantments, unstealthy
A: no striking features
a: Renounce Religion


You were on level 2 of the Lair of Beasts.
You worshipped Vehumet.
Vehumet was pleased with you.
You were hungry.

You visited 3 branches of the dungeon, and saw 16 of its levels.
You also visited: Labyrinth and Ossuary.

You collected 625 gold pieces.
You spent 165 gold pieces at shops.

Inventory:

Hand Weapons
 m - a +0 quarterstaff
 B - a +0 great mace
Missiles
 w - a throwing net (quivered)
Armour
 s - a +1 cloak (worn)
 v - a +0 pair of boots (worn)
 E - a +0 troll leather armour (worn)
 S - a +3 leather armour of cold resistance
 T - the +2 scale mail of Resilience {rElec rC+, unknown}
   (You found it in a labyrinth)

   It protects you from cold.
   It insulates you from electricity.
 V - the cursed +0 buckler of the Prince of Darkness {Int+2}
   (You bought it in a shop on level 10 of the Dungeon)

   It affects your intelligence (+2).
   It has a curse placed upon it.
Magical Staves
 g - an uncursed staff of fire
 j - an uncursed staff of power
Rods
 K - a +2 rod of shadows (10/12)
   (You found it in a labyrinth)
 L - a +0 lightning rod (10/11)
   (You found it in a labyrinth)
 O - a +9 rod of clouds (10/10)
   (You found it in a labyrinth)
 R - a +6 rod of clouds (6/13) (in hand)
   (You found it in a labyrinth)
Jewellery
 d - a ring of magical power (left hand)
 h - an uncursed ring of protection from fire
 y - a +4 ring of intelligence (right hand)
 z - the ring "Idaneo" {*Confuse +Fly rF+ rN+ Dex+2}
   (You found it in an ossuary)

   [ring of protection from fire]

   It affects your dexterity (+2).
   It protects you from fire.
   It protects you from negative energy.
   It lets you fly.
   It may confuse you when you take damage.
Wands
 a - a wand of disintegration (13/24)
 b - a wand of lightning (6/15)
 C - a wand of slowing (27/48)
 D - a wand of confusion (22/48)
 F - a wand of flame (0/48)
 G - a wand of enslavement (9/24)
 P - a wand of teleportation (4/9)
Scrolls
 i - 2 scrolls of remove curse
 l - 2 scrolls of enchant weapon
 o - 2 scrolls of amnesia
 p - 7 scrolls of teleportation
 J - a scroll of fog
 M - 2 scrolls of fear
Potions
 e - a potion of agility
 f - a potion of resistance
 n - a potion of brilliance
 r - 2 potions of curing
 t - 2 potions of haste
 x - a potion of invisibility
 A - a potion of ambrosia {unknown}
 H - a potion of cancellation {unknown}
 Y - a potion of might
Books
 I - a book of Power

   Spells                             Type                      Level
   a - Fulminant Prism                Conjuration/Hexes            4
   b - Iskenderun's Mystic Blast      Conjuration                  4
   c - Venom Bolt                     Conjuration/Poison           5
   d - Bolt of Magma                  Conjuration/Fire/Earth       5
   e - Iron Shot                      Conjuration/Earth            6
   f - Orb of Destruction             Conjuration                  7
   g - Spellforged Servitor           Conjuration/Summoning        7
 X - a book of Enchantments

   Spells                             Type                      Level
   a - Cause Fear                     Hexes                        4
   b - Yara's Violent Unravelling     Hexes/Transmutation          5
   c - Silence                        Hexes/Air                    5
   d - Deflect Missiles               Charms/Air                   6
   e - Haste                          Charms                       6
   f - Discord                        Hexes                        8
Comestibles
 c - 9 bread rations
 q - a slice of pizza
 u - 3 chunks of flesh


   Skills:
 - Level 2.9 Dodging
 - Level 2.1 Stealth
 + Level 4.0 Shields
 + Level 10.5 Spellcasting
 + Level 13.3 Conjurations
 - Level 8.3 Charms
 + Level 4.1 Fire Magic


You had 14 spell levels left.
You knew the following spells:

 Your Spells              Type           Power        Failure   Level  Hunger
a - Magic Dart            Conj           ####         1%          1    None
b - Searing Ray           Conj           ######       1%          2    None
c - Iskenderun's Mystic   Conj           ######..     1%          4    None
d - Iskenderun's Battles  Conj/Chrm      ######..     2%          5    ####...
e - Bolt of Magma         Conj/Fire/Erth #####.....   21%         5    ####...


Dungeon Overview and Level Annotations

Branches:
Dungeon (12/15)            Temple (1/1) D:4            Lair (3/8) D:10
    Orc (0/2) D:10
  Swamp: Lair:3-6    Shoals: Lair:3-6     Snake: Lair:3-6    Spider: Lair:3-6

Altars:
Ashenzari
Cheibriados
Fedhas
Gozag
Kikubaaqudgha
Makhleb
Nemelex Xobeh
Pakellas
Qazlal
Ru
Sif Muna
Trog
Vehumet
Xom
Yredelemnul
Zin
The Shining One
Lugonu

Shops:
D:10 [

Annotations:
Lair:2 Gastronok


Message History

Aim: a wolf The orb of energy hits the wolf.
The wolf is moderately wounded.
The orb of energy explodes!
Your battlesphere fires!
The barrage of energy hits the wolf.
The wolf is moderately wounded.
Read which item? (? for menu, Esc to quit)
As you read the scroll of teleportation, it crumbles to dust.
You feel strangely unstable. The wolf misses you.
The wolf completely misses you. The wolf misses you. The wolf bites you!
* * * LOW HITPOINT WARNING * * *
The wolf misses you. The wolf bites you!
* * * LOW HITPOINT WARNING * * *
The wolf bites you!
* * * LOW HITPOINT WARNING * * *
The wolf bites you.
* * * LOW HITPOINT WARNING * * *
The wolf bites you.
You die...

..#...#######..§#§...#
.#.[..# #....≈§§.§..#
##...#. ......≈§§...##
...............#.####
..........#.#..#.##
.......#PPP..#....#
............##..hh#
...P.P. ..#. #..h.##
...#... P ##.@..#
..... . ##P*## P......
##..# .....#. ..#
##Pt.# .## ..(P .# ..
..


You could see 3 wolves and a friendly battlesphere.

Vanquished Creatures
  A minotaur (Lab)
  An unseen horror (D:12)
  A hill giant (D:10)
  An ugly thing (D:11)
  A cyclops (D:11)
  2 gargoyles
  A spiny frog (Lair:2)
  A komodo dragon (Lair:3)
  A two-headed ogre (D:10)
  A blink frog (Lair:2)
  Prince Ribbit (D:7)
  A wraith (D:10)
  A wyvern (D:10)
  5 yaks
  2 hungry ghosts (D:11)
  3 hippogriffs
  A steam dragon (D:12)
  Edmund (D:6)
  2 water moccasins
  A soldier ant (D:12)
  2 porcupines
  3 orc warriors
  2 ice beasts (D:11)
  A black bear (D:11)
  A sky beast (D:12)
  6 ogres
  3 centaurs
  A crocodile (D:12)
  5 giant frogs
  2 water moccasin skeletons
  4 scorpions
  4 killer bees
  3 crimson imps
  2 bog bodies (Ossuary)
  3 giant frog zombies
  2 centaur zombies (Ossuary)
  2 jellies
  A giant frog skeleton (D:11)
  2 iguanas
  5 orc wizards
  Natasha (D:4)
  6 worker ants
  A killer bee zombie (D:5)
  2 hound zombies (Ossuary)
  A howler monkey zombie (D:10)
  9 mummies
  3 worker ant zombies
  14 adders
  7 gnolls
  A howler monkey skeleton (D:7)
  9 river rats
  A shadow imp (D:7)
  An adder zombie (Ossuary)
  5 giant geckos
  21 orcs
  A ball python (D:6)
  8 giant cockroaches
  A goblin (D:2)
  3 hobgoblins
  10 jackals
  2 quokkas
  8 bats
  A giant cockroach zombie (D:2)
  A giant gecko zombie (Ossuary)
  2 giant newts (D:2)
  3 jackal zombies
  7 kobolds
  A quokka skeleton (D:4)
  3 quokka zombies (Ossuary)
  4 rats
  A fungus (D:10)
  A plant (D:10)
222 creatures vanquished.

Vanquished Creatures (collateral kills)
  A yak (Lair:1)
1 creature vanquished.

Vanquished Creatures (others)
  A yak (Lair:1)
  13 fungi (D:10)
  5 plants (D:10)
  A withered plant (Ossuary)
20 creatures vanquished.

Grand Total: 243 creatures vanquished

Notes
Turn   | Place    | Note
--------------------------------------------------------------
     0 | D:1      | PurpleRed the High Elf Conjurer began the quest for the Orb.
     0 | D:1      | Reached XP level 1. HP: 11/11 MP: 4/4
    48 | D:1      | Reached XP level 2. HP: 13/17 MP: 0/6
   223 | D:2      | Reached XP level 3. HP: 21/21 MP: 4/9
   240 | D:2      | Reached skill level 5 in Conjurations
   394 | D:2      | Found a basalt altar of Yredelemnul.
   585 | D:3      | Reached XP level 4. HP: 25/27 MP: 10/10
   593 | D:3      | Learned a level 4 spell: Iskenderun's Mystic Blast
   635 | D:2      | Found a shimmering altar of Xom.
   721 | D:3      | Learned a level 2 spell: Searing Ray
   728 | D:4      | Found a blossoming altar of Fedhas.
   827 | D:4      | Found a staircase to the Ecumenical Temple.
   836 | Temple   | Entered the Ecumenical Temple
   893 | D:5      | Entered Level 5 of the Dungeon
   942 | D:5      | Reached XP level 5. HP: 31/31 MP: 12/12
   949 | D:5      | Learned a level 5 spell: Iskenderun's Battlesphere
   964 | D:5      | Reached skill level 6 in Conjurations
  1016 | D:4      | Found a sand-covered staircase.
  1017 | D:4      | Noticed Natasha
  1020 | D:4      | Killed Natasha
  1020 | D:4      | Reached skill level 1 in Charms
  1026 | Ossuary  | Entered an ossuary
  1061 | Ossuary  | Reached XP level 6. HP: 20/36 MP: 14/14
  1100 | Ossuary  | Reached skill level 5 in Spellcasting
  1171 | Ossuary  | Reached skill level 7 in Conjurations
  1240 | Ossuary  | Reached XP level 7. HP: 31/41 MP: 8/16
  1306 | Ossuary  | Got a flickering golden ring
  1343 | D:4      | Identified the ring "Idaneo" {*Confuse +Fly rF+ rN+ Dex+2} (You found it in an ossuary)
  1536 | D:4      | Reached skill level 8 in Conjurations
  1821 | D:5      | Reached XP level 8. HP: 40/46 MP: 18/18
  1942 | D:6      | Found a shimmering altar of Xom.
  1966 | D:6      | Reached skill level 9 in Conjurations
  2040 | D:6      | Noticed Edmund
  2050 | D:6      | Killed Edmund
  2050 | D:6      | Reached skill level 5 in Charms
  2175 | D:6      | Found a sparkling altar of Nemelex Xobeh.
  2176 | D:6      | Found an opulent altar of Gozag.
  2219 | D:7      | Noticed Prince Ribbit
  2222 | D:7      | Killed Prince Ribbit
  2236 | D:7      | Reached skill level 10 in Conjurations
  2323 | D:7      | Reached XP level 9. HP: 51/51 MP: 10/21
  2369 | D:8      | Found an oddly glowing altar of Pakellas.
  2428 | D:8      | Found a stormy altar of Qazlal.
  2473 | D:8      | Found a snail-covered altar of Cheibriados.
  2537 | D:8      | Found a radiant altar of Vehumet.
  2538 | D:8      | Found a burning altar of Makhleb.
  2547 | D:8      | Became a worshipper of Vehumet
  2653 | D:9      | You fall through a shaft for 2 floors!
  2786 | D:11     | Reached skill level 11 in Conjurations
  2859 | D:12     | Killed an unseen horror
  2874 | D:12     | Noticed a kobold demonologist
  2896 | D:12     | Reached XP level 10. HP: 34/56 MP: 4/23
  2919 | D:12     | Found a labyrinth entrance.
  2926 | Lab      | Entered a labyrinth
  3057 | Lab      | Noticed a minotaur
  3065 | Lab      | Killed a minotaur
  3065 | Lab      | Reached skill level 12 in Conjurations
  3075 | Lab      | Got a spiked scale mail
  3098 | Lab      | Identified a +2 rod of shadows (12/12) (You found it in a labyrinth)
  3100 | Lab      | Identified a +9 rod of clouds (10/10) (You found it in a labyrinth)
  3101 | Lab      | Identified a +6 rod of clouds (13/13) (You found it in a labyrinth)
  3146 | D:11     | Noticed a gargoyle
  3150 | D:11     | Killed a gargoyle
  3169 | D:11     | Reached * piety under Vehumet
  3169 | D:11     | Offered knowledge of Shock by Vehumet.
  3295 | D:12     | Noticed a green ugly thing
  3333 | D:11     | Learned a level 5 spell: Bolt of Magma
  3475 | D:11     | Reached skill level 1 in Fire Magic
  3504 | D:11     | Reached skill level 1 in Shields
  3528 | D:10     | Entered Level 10 of the Dungeon
  3555 | D:10     | Found a staircase to the Lair.
  3566 | D:10     | Noticed a hill giant
  3637 | D:11     | Noticed a white ugly thing
  3645 | D:11     | Killed a white ugly thing
  3646 | D:11     | Noticed a cyclops
  3651 | D:11     | Killed a cyclops
  3702 | D:10     | Found Lyqacane's Armour Boutique.
  3714 | D:10     | Found a staircase to the Orcish Mines.
  3745 | D:10     | Bought the cursed +0 buckler of the Prince of Darkness {Int+2} for 165 gold pieces
  3762 | D:9      | Found a glowing silver altar of Zin.
  3797 | D:10     | Reached skill level 10 in Spellcasting
  3831 | D:10     | Killed a hill giant
  3831 | D:10     | Reached XP level 11. HP: 54/61 MP: 26/26
  3859 | D:10     | Reached ** piety under Vehumet
  3861 | D:10     | Reached skill level 13 in Conjurations
  3877 | Lair:1   | Entered Level 1 of the Lair of Beasts
  3930 | Lair:2   | Offered knowledge of Sandblast by Vehumet.
  4123 | Lair:2   | Noticed Gastronok
  4152 | Lair:2   | HP: 3/61 [wolf (7)]
  4154 | Lair:2   | Slain by a wolf

Skill      XL: |  1  2  3  4  5  6  7  8  9 10 11 |
---------------+----------------------------------+-----
Spellcasting   | 3 4 5 6 7 8 10 | 10.5
Conjurations   | 5 6 7 8 10 11 12 13 | 13.3
Charms         | 1 2 4 6 7 8 |  8.3
Fire Magic     | 3 4 |  4.1
Shields        | 3 4 |  4.0
Dodging        | |  2.9
Stealth        | |  2.1

Action                   |  1- 3 |  4- 6 |  7- 9 | 10-12 || total
-------------------------+-------+-------+-------+-------++-------
Melee: Staff             |       |    14 |     4 |     2 ||    20
 Cast: Magic Dart        |    62 |    36 |   104 |    93 ||   295
       Searing Ray       |       |    21 |    18 |     4 ||    43
       Iskenderun's Myst |       |     1 |    22 |    29 ||    52
       Iskenderun's Batt |       |       |    28 |    23 ||    51
Evoke: Rod               |       |       |       |    10 ||    10
       Wand              |       |       |       |     5 ||     5
  Use: Scroll            |       |    15 |    11 |     5 ||    31
       Potion            |       |     3 |     1 |     2 ||     6
  Eat: Beef jerky        |       |     1 |       |       ||     1
       Chunk             |       |       |    15 |    10 ||    25
       Pizza             |       |       |       |     1 ||     1
Armor: Robe              |     1 |    16 |     5 |       ||    22
       Troll leather arm |       |       |    10 |    11 ||    21
Dodge: Dodged            |    10 |    44 |    29 |    29 ||   112
